 Dungeon Crawl Stone Soup version 0.30.1-11-g7821555f0a (webtiles) character file.

Game seed: 16237998312245360613

3319 Abishag the Magician (level 10, -5/74 HPs)
             Began as a Gnoll Fire Elementalist on Jan 14, 2024.
             Was an Initiate of Gozag.
             Slain by a killer bee (7 damage)
             ... on level 7 of the Dungeon.
             The game lasted 00:32:55 (7287 turns).

Abishag the Magician (Gnoll Fire Elementalist)      Turns: 7287, Time: 00:32:56

Health: -5/74      AC:  3    Str: 11    XL:     10   Next: 2%
Magic:  0/20       EV: 14    Int: 18    God:    Gozag
Gold:   68         SH:  0    Dex: 12    Spells: 4/23 levels left

rFire   + + .        z - +0 morningstar of Veifitug {flame, rPois Int+2}
rCold   x . .        (no shield)
rNeg    . . .        a - +1 robe
rPois   +            (no helmet)
rElec   .            (no cloak)
rCorr   .            (no gloves)
SInv    .            (no boots)
Will    .....        e - amulet of guardian spirit
Stlth   ++           w - ring of protection from fire
HPRegen 0.32/turn    A - ring of fire
MPRegen 0.17/turn

%: guardian spirit
@: lit by a corona, glowing
A: fangs 1, strong nose, distributed training, inability to drink after injury 1
a: Renounce Religion, Potion Petition, Call Merchant, Bribe Branch


You were on level 7 of the Dungeon.
You worshipped Gozag.
Gozag was noncommittal.
You visited 1 branch of the dungeon, and saw 7 of its levels.

You collected 1006 gold pieces.
You spent 197 gold pieces at shops.
You paid 741 gold pieces to Gozag.

Inventory:

Hand Weapons
 c - a +0 vampiric dagger
 f - a +0 dagger of venom
 z - the +0 morningstar of Veifitug (weapon) {flame, rPois Int+2}
   (You found it on level 7 of the Dungeon)

   Int:       It affects your intelligence (+2).
   rPois:     It protects you from poison.
Missiles
 i - a throwing net
 v - 3 curare-tipped darts (quivered)
Armour
 a - a +1 robe (worn)
Jewellery
 e - an amulet of guardian spirit (around neck)
 w - a ring of protection from fire (left hand)
 A - a ring of fire (right hand)
Wands
 j - a wand of paralysis (16)
 q - a wand of flame (18)
 r - a wand of polymorph (12)
 x - a wand of mindburst (7)
Scrolls
 k - a scroll of amnesia
 l - a scroll of teleportation
 o - 3 scrolls of identify
 t - a scroll of fog
 u - a scroll of poison
 y - a scroll of brand weapon
Potions
 b - 2 potions of cancellation
 g - a potion of degeneration
 h - 3 potions of haste
 m - a potion of ambrosia
 n - a potion of attraction
 s - a potion of flight


   Skills:
 + Level 5.0 Fighting
 + Level 5.0 Short Blades
 + Level 5.0 Long Blades
 + Level 5.0 Axes
 + Level 5.0 Maces & Flails
 + Level 5.0 Polearms
 + Level 5.0 Staves
 + Level 5.0 Ranged Weapons
 + Level 5.0 Throwing
 + Level 5.0 Armour
 + Level 6.8 Dodging
 + Level 6.6 Stealth
 + Level 5.0 Shields
 + Level 5.0 Unarmed Combat
 + Level 7.1 Spellcasting
 + Level 4.7 Conjurations
 + Level 4.1 Hexes
 + Level 4.1 Summonings
 + Level 4.1 Necromancy
 + Level 4.1 Translocations
 + Level 4.1 Transmutations
 + Level 6.9 Fire Magic
 + Level 4.1 Ice Magic
 + Level 4.1 Air Magic
 + Level 4.1 Earth Magic
 + Level 4.1 Poison Magic
 + Level 5.5 Invocations
 + Level 5.0 Evocations


You had 4 spell levels left.
You knew the following spells:

 Your Spells              Type           Power      Damage    Failure   Level
a - Foxfire               Conj/Fire      100%       2x1d9     1%          1
b - Scorch                Fire           94%        2d9       1%          2
c - Inner Flame           Hex/Fire       39%        N/A       3%          3
d - Flame Wave            Conj/Fire      41%        2d11      10%         4
e - Volatile Blastmotes   Fire/Tloc      78%        2d16      3%          3
f - Vampiric Draining     Necr           21%        2d7       6%          3
g - Confusing Touch       Hex            21%        N/A       6%          3

Your spell library contained the following spells:

 Spells                   Type           Power      Damage    Failure   Level
 Slow                     Hex            84%        N/A       1%          1
 Dazzling Flash           Conj/Hex       44%        N/A       5%          3
 Iskenderun's Mystic Bla  Conj/Tloc      22%        2d6       17%         4
 Starburst                Conj/Fire      20%        6d7       83%         6


Dungeon Overview and Level Annotations

Branches:
Dungeon (7/15)             Temple (0/1) D:5

Altars:
Cheibriados
Fedhas
Gozag
Kikubaaqudgha
Makhleb
Qazlal
Wu Jian

Shops:
D:6 ?   D:7 ?


Innate Abilities, Weirdness & Mutations

You have very sharp teeth.
Your uncanny sense of smell can sniff out nearby items.
Your experience applies equally to all skills.
You occasionally lose the ability to drink potions when taking damage.


Message History

The killer bee stings you but does no damage.
The killer bee barely misses you. The killer bee stings you.
* * * LOW HITPOINT WARNING * * *
You are poisoned.
The killer bee poisons you! The killer bee misses you.
Unknown command.
It was a potion of mutation.
You feel extremely strange.
You occasionally lose the ability to drink potions when taking damage.
You feel sick. The killer bee stings you!
* * * LOW HITPOINT WARNING * * *
The killer bee stings you.
* * * LOW HITPOINT WARNING * * *
The killer bee is distracted by your dazzling golden aura.
The killer bee barely misses you.
Unknown command.
You feel better.
The killer bee is no longer more vulnerable to fire.
The killer bee misses you.
The killer bee stings you but does no damage.
The killer bee buzzes angrily.
As you read the scroll of teleportation, it crumbles to dust.
You feel strangely unstable. The killer bee closely misses you.
The killer bee stings you but does no damage.
The killer bee stings you!
* * * LOW HITPOINT WARNING * * *
Your surroundings flicker for a moment.
The killer bee is no longer distracted by gold.
The killer bee stings you!
* * * LOW HITPOINT WARNING * * *
The killer bee stings you!
* * * LOW HITPOINT WARNING * * *
The killer bee attacks as you move away!
The killer bee misses you.
The killer bee stings you but does no damage.
The killer bee misses you. The killer bee closely misses you.
The killer bee attacks as you move away!
The killer bee stings you!
You die...
Your body crumbles into a pile of gold.

####### #.....# ####.....#
#...@y...# #.##yy...#
#.##.....############ #########
#.#.................#
#.......####.##$$.#####.####.#.#
#.#..........###.## #.##.....#
#.#.###.###### #.# #.##.....#
#.#.###.# #.# #.##.....#
#.#.....# ##'## #.##.....#


You could see 3 killer bees.

Vanquished Creatures
  A swamp dragon (D:7)
  Pikel (D:7)
  A sky beast (D:7)
  Duvessa (D:7)
  2 ice beasts
  A black bear (D:6)
  An orc warrior (D:7)
  A centaur (D:6)
  2 ogres
  A lemure (D:7)
  Blork the orc (D:6)
  A phantom (D:4)
  A gnoll sergeant (D:6)
  6 scorpions
  Dowan (D:7)
  3 killer bees (D:7)
  A howler monkey (D:7)
  5 hounds
  Crazy Yiuf (D:7)
  A jelly (D:6)
  Natasha (thrice) (D:4)
  4 iguanas
  A sleepcap (D:6)
  3 orc wizards
  6 gnolls
  9 adders
  A shadow imp (D:6)
  2 white imps
  A dart slug (D:3)
  15 orcs
  10 bats
  6 endoplasms
  3 giant cockroaches
  8 goblins
  2 hobgoblins
  4 jackals (D:5)
  7 kobolds
  4 quokkas
  9 ball pythons
  4 frilled lizards
  5 rats
140 creatures vanquished.

Vanquished Creatures (others)
  A black bear (D:7)
  98 foxfires
99 creatures vanquished.

Grand Total: 239 creatures vanquished

Notes
Turn   | Place    | Note
-------+----------+-------------------------------------------
     0 | D:1      | Abishag the Gnoll Fire Elementalist began the quest for the
                  | Orb.
     0 | D:1      | Reached XP level 1. HP: 13/13 MP: 6/6
    92 | D:1      | Reached XP level 2. HP: 17/20 MP: 5/7
   118 | D:1      | Learned a level 2 spell: Scorch
   241 | D:1      | Reached skill level 5 in Spellcasting
   241 | D:1      | Reached XP level 3. HP: 12/25 MP: 4/9
   245 | D:1      | Learned a level 3 spell: Inner Flame
   392 | D:2      | Reached skill level 1 in Invocations
   490 | D:3      | Noticed an ice beast
   495 | D:3      | Killed an ice beast
   496 | D:3      | Reached skill level 1 in Fighting
   496 | D:3      | Reached skill level 1 in Short Blades
   496 | D:3      | Reached skill level 1 in Long Blades
   496 | D:3      | Reached skill level 1 in Axes
   496 | D:3      | Reached skill level 1 in Maces & Flails
   496 | D:3      | Reached skill level 1 in Polearms
   496 | D:3      | Reached skill level 1 in Staves
   496 | D:3      | Reached skill level 1 in Ranged Weapons
   496 | D:3      | Reached skill level 1 in Throwing
   496 | D:3      | Reached skill level 1 in Armour
   496 | D:3      | Reached skill level 1 in Shields
   496 | D:3      | Reached skill level 1 in Unarmed Combat
   496 | D:3      | Reached skill level 1 in Hexes
   496 | D:3      | Reached skill level 1 in Summonings
   496 | D:3      | Reached skill level 1 in Necromancy
   496 | D:3      | Reached skill level 1 in Translocations
   496 | D:3      | Reached skill level 1 in Transmutations
   496 | D:3      | Reached skill level 1 in Ice Magic
   496 | D:3      | Reached skill level 1 in Air Magic
   496 | D:3      | Reached skill level 1 in Earth Magic
   496 | D:3      | Reached skill level 1 in Poison Magic
   496 | D:3      | Reached skill level 1 in Evocations
   496 | D:3      | Reached XP level 4. HP: 32/32 MP: 8/11
   496 | D:3      | Reached XP level 5. HP: 37/37 MP: 8/12
   549 | D:3      | Learned a level 4 spell: Flame Wave
   553 | D:3      | Learned a level 3 spell: Volatile Blastmotes
   950 | D:3      | Found an opulent altar of Gozag.
   967 | D:3      | Became a worshipper of Gozag Ym Sagoz the Greedy
  2568 | D:4      | Found a stormy altar of Qazlal.
  2692 | D:4      | Reached XP level 6. HP: 34/44 MP: 7/14
  2740 | D:4      | Reached skill level 5 in Dodging
  2982 | D:4      | Noticed Natasha
  2993 | D:4      | Killed Natasha
  2994 | D:4      | Reached XP level 7. HP: 23/50 MP: 2/15
  3095 | D:4      | Learned a level 3 spell: Vampiric Draining
  3779 | D:4      | Noticed Natasha
  3791 | D:4      | Killed Natasha
  3831 | D:4      | Noticed Natasha
  3838 | D:4      | Killed Natasha
  3859 | D:5      | Entered Level 5 of the Dungeon
  3947 | D:5      | Found a burning altar of Makhleb.
  3969 | D:5      | Reached skill level 5 in Stealth
  3995 | D:5      | Found an ancient bone altar of Kikubaaqudgha.
  4041 | D:5      | Found a staircase to the Ecumenical Temple.
  4344 | D:5      | Reached XP level 8. HP: 42/58 MP: 4/16
  4494 | D:5      | Reached skill level 6 in Spellcasting
  4857 | D:5      | Found an ornate altar of the Wu Jian Council.
  5274 | D:6      | Found a snail-covered altar of Cheibriados.
  5321 | D:6      | Bought a scroll of poison for 40 gold pieces
  5321 | D:6      | Bought a scroll of identify for 20 gold pieces
  5321 | D:6      | Bought a scroll of identify for 20 gold pieces
  5327 | D:6      | Learned a level 3 spell: Confusing Touch
  5581 | D:6      | Noticed Blork the orc
  5589 | D:6      | Killed Blork the orc
  5692 | D:6      | Reached XP level 9. HP: 65/65 MP: 18/18
  5754 | D:6      | Found a blossoming altar of Fedhas.
  6017 | D:7      | Identified the +0 morningstar of Veifitug {flame, rPois
                  | Int+2}
  6188 | D:7      | Noticed a troll
  6194 | D:7      | a troll changed into a swamp dragon
  6194 | D:7      | Noticed a swamp dragon
  6222 | D:7      | Killed a swamp dragon
  6496 | D:7      | Noticed Pikel
  6501 | D:7      | Paralysed by Pikel for 2 turns
  6509 | D:7      | Killed Pikel
  6510 | D:7      | Reached skill level 5 in Invocations
  6658 | D:7      | Found Kyrovvos's Magic Scroll Shoppe.
  6667 | D:7      | Bought a scroll of identify for 26 gold pieces
  6667 | D:7      | Bought a scroll of identify for 26 gold pieces
  6667 | D:7      | Bought a scroll of teleportation for 39 gold pieces
  6667 | D:7      | Bought a scroll of identify for 26 gold pieces
  6720 | D:7      | Reached skill level 7 in Spellcasting
  7112 | D:7      | Found a runed translucent door.
  7113 | D:7      | Noticed Crazy Yiuf
  7123 | D:7      | Killed Crazy Yiuf
  7248 | D:7      | Noticed Duvessa
  7251 | D:7      | Noticed Dowan
  7271 | D:7      | Killed Dowan
  7272 | D:7      | Killed Duvessa
  7273 | D:7      | Reached skill level 5 in Fighting
  7273 | D:7      | Reached skill level 5 in Short Blades
  7273 | D:7      | Reached skill level 5 in Long Blades
  7273 | D:7      | Reached skill level 5 in Axes
  7273 | D:7      | Reached skill level 5 in Maces & Flails
  7273 | D:7      | Reached skill level 5 in Polearms
  7273 | D:7      | Reached skill level 5 in Staves
  7273 | D:7      | Reached skill level 5 in Ranged Weapons
  7273 | D:7      | Reached skill level 5 in Throwing
  7273 | D:7      | Reached skill level 5 in Armour
  7273 | D:7      | Reached skill level 5 in Shields
  7273 | D:7      | Reached skill level 5 in Unarmed Combat
  7273 | D:7      | Reached skill level 5 in Evocations
  7273 | D:7      | Reached XP level 10. HP: 36/74 MP: 4/20
  7280 | D:7      | Gained mutation: You occasionally lose the ability to drink
                  | potions when taking damage. [potion of mutation]
  7284 | D:7      | HP: 1/74 [killer bee (6)]
  7287 | D:7      | Slain by a killer bee

Illustrated notes

Levels and vault maps discovered:
D:1:      denvon_arrival_planthouse, layout_rooms
D:2:      layout_basic
D:3:      cheibrodos_old_hovel, layout_loops_ring, grunt_gozag_breadcrumbs
D:4:      layout_layer_cave, amcnicky_altar_gilded, uniq_natasha
D:5:      old_forge, layout_gridville, nicolae_kikubaaqudgha_miasma_corner,
          nzn_wu_jian_council_hall, kennysheep_mini, minmay_temple_entry_arrows
D:6:      layout_basic, mainiacjoe_overflow_concentric_impassable,
          fedhas_altar_4, sigmund_army, uniq_blork_the_orc
D:7:      layout_loops_corners, serial_shops, shop, uniq_pikel, uniq_duvessa,
          uniq_joseph, uniq_crazy_yiuf_cottage

Skill      XL: |  1  2  3  4  5  6  7  8  9 |
---------------+----------------------------+-----
Conjurations   | 2 3 4 |  4.7
Spellcasting   | 5 6 7 |  7.1
Invocations    | 1 2 3 4 5 |  5.5
Fighting       | 1 2 3 5 |  5.0
Short Blades   | 1 2 3 5 |  5.0
Long Blades    | 1 2 3 5 |  5.0
Axes           | 1 2 3 5 |  5.0
Maces & Flails | 1 2 3 5 |  5.0
Polearms       | 1 2 3 5 |  5.0
Staves         | 1 2 3 5 |  5.0
Ranged Weapons | 1 2 3 5 |  5.0
Throwing       | 1 2 3 5 |  5.0
Armour         | 1 2 3 5 |  5.0
Shields        | 1 2 3 5 |  5.0
Unarmed Combat | 1 2 3 5 |  5.0
Hexes          | 1 2 3 4 |  4.1
Summonings     | 1 2 3 4 |  4.1
Necromancy     | 1 2 3 4 |  4.1
Translocations | 1 2 3 4 |  4.1
Transmutations | 1 2 3 4 |  4.1
Ice Magic      | 1 2 3 4 |  4.1
Air Magic      | 1 2 3 4 |  4.1
Earth Magic    | 1 2 3 4 |  4.1
Poison Magic   | 1 2 3 4 |  4.1
Evocations     | 1 2 3 5 |  5.0
Dodging        | 5 6 |  6.8
Stealth        | 5 6 |  6.6
Fire Magic     | 6 |  6.9

Action                     |  1- 3 |  4- 6 |  7- 9 | 10-12 || total
---------------------------+-------+-------+-------+-------++-------
  Melee: Dagger            |    23 |    25 |    44 |       ||    92
         Bite              |     4 |     2 |    18 |       ||    24
         Punch             |     1 |       |     2 |       ||     3
         Morningstar       |       |       |    52 |     3 ||    55
  Throw: Boomerang         |    31 |    24 |       |       ||    55
         Dart              |       |       |     3 |       ||     3
   Cast: Foxfire           |    10 |    19 |    36 |       ||    65
         Scorch            |     6 |    28 |    49 |     1 ||    84
         Volatile Blastmot |       |     2 |     3 |       ||     5
         Vampiric Draining |       |       |     8 |       ||     8
         Inner Flame       |       |       |     7 |       ||     7
         Confusing Touch   |       |       |     1 |       ||     1
 Invoke: Call Merchant     |       |       |     1 |       ||     1
  Evoke: Wand              |       |     1 |     7 |       ||     8
    Use: Scroll            |     1 |     6 |    12 |     1 ||    20
         Potion            |       |     1 |     2 |     2 ||     5
   Stab: Sleeping          |     5 |     2 |     8 |       ||    15
         Paralysed         |       |     1 |     6 |       ||     7
 Armour: Robe              |     4 |     7 |    22 |     5 ||    38
  Dodge: Dodged            |    19 |    28 |   132 |    11 ||   190
